 Dungeon Sprint DCSS version 0.20-a0-555-gf6ae02d (webtiles) character file.

6921 Gingerlord the Fighter (level 11, -3/96 HPs)
             Began as a Barachian Fighter on Feb 4, 2017.
             Was the Champion of Makhleb.
             Slain by an orc knight
             ... wielding a +0 great mace
              (12 damage)
             ... in the Dungeon (Sprint IX: "|||||||||||||||||||||||||||||").
             The game lasted 00:04:19 (1066 turns).

Gingerlord the Fighter (Barachian Fighter)          Turns: 1066, Time: 00:04:20

Health: -3/96      AC: 13    Str: 19    XL:     11   Next: 7%
Magic:  18/18      EV: 16    Int: 10    God:    Makhleb [******]
Gold:   0          SH: 12    Dex: 12    Spells: 10/10 levels left

rFire    . . .     SeeInvis .   p - +2 scimitar (holy)
rCold    + . .     Gourm    .   w - +3 ring mail {rC+}
rNeg     . . .     Faith    .   c - +0 shield
rPois    .         Spirit   .   (no helmet)
rElec    .         Reflect  .   B - +0 cloak
rCorr    .         Harm     .   (no gloves)
MR       .....     NoTele   +   q - +0 pair of boots
Stlth    +.........             (no amulet)
Regen    0.3/turn               t - +3 ring of strength
                                s - +3 ring of intelligence

@: very slightly contaminated, slow
A: swims, slowness 1, strong legs 1
a: Hop, Minor Destruction, Lesser Servant of Makhleb, Major Destruction, Greater
Servant of Makhleb, Renounce Religion


You were in the Dungeon.
You worshipped Makhleb.
Makhleb was exalted by your worship.
You were not hungry.

You visited 1 branch

Inventory:

Hand Weapons
 a - a +0 long sword
 p - a +2 scimitar of holy wrath (weapon)
Armour
 c - a +0 shield (worn)
 q - a +0 pair of boots (worn)
 w - a +3 ring mail of cold resistance (worn)
 B - a +0 cloak (worn)
Jewellery
 s - a +3 ring of intelligence (left hand)
 t - a +3 ring of strength (right hand)
Wands
 o - a wand of acid (0/15)
Scrolls
 k - 3 scrolls of blinking
 m - 3 scrolls of remove curse
 n - 2 scrolls of amnesia
 v - a scroll of identify
 x - 4 scrolls of enchant armour
 y - a scroll of fog
 z - a scroll of recharging
 A - 2 scrolls of enchant weapon
Potions
 b - 3 potions of agility
 e - a potion of invisibility
 g - 2 potions of heal wounds
 h - 2 potions of haste
 i - 4 potions of magic
 j - 2 potions of berserk rage
 l - 4 potions of curing
 u - a potion of brilliance
 C - a potion of flight {unknown}
Comestibles
 d - 35 fruits
 f - 13 bread rations
 r - 12 meat rations


   Skills:
 + Level 12.7 Fighting
 + Level 12.3 Long Blades
 + Level 12.5 Armour
 + Level 10.4 Dodging
 + Level 11.9 Shields
 + Level 9.3 Invocations


You had 10 spell levels left.
You didn't know any spells.

Dungeon Overview and Level Annotations

Branches:
Dungeon (1/1)

Altars:
Cheibriados
Dithmenos
Elyvilon
Fedhas
Gozag
Hepliaklqana
Kikubaaqudgha
Makhleb
Nemelex Xobeh
Okawaru
Qazlal
Ru
Sif Muna
Trog
Uskayaw
Vehumet
Xom
Yredelemnul
Zin
The Shining One
Beogh
Jiyva
Lugonu


Innate Abilities, Weirdness & Mutations

You can swim through water.
You cover ground slowly.
You can hop short distances.


Message History

The acid corrodes the orc priest!
The orc priest is almost dead.
This wand has 0 charges left.
The orc no longer looks unusually strong.
Unknown command.
Unknown command.
Unknown command.
You hit the orc knight.
The orc knight is severely wounded.
The orc priest calls down the wrath of Beogh upon you.
Beogh smites you!
The orc knight hits you with a great mace!!
* * * LOW HITPOINT WARNING * * *
You slash the orc knight!
The orc knight is severely wounded.
The orc priest invokes the aid of Beogh against you.
Beogh smites you!
* * * LOW HITPOINT WARNING * * *
The orc knight hits you with a great mace!
You die...

▓_▓.▓†▓.▓
▓_▓.▓[▓.▓o▓
▓_▓.▓.▓.▓o▓
▓_▓.▓.▓.▓o▓
▓_▓.▓.▓.▓{▓
▓'▓.▓.▓.▓{▓
▓.▓.▓!▓.▓o▓
▓.▓.▓.▓.▓o▓
▓.▓.▓.▓.▓@▓
▓.▓.▓.▓.▓.▓
▓.▓.▓.▓.▓.▓
▓)▓.▓.▓.▓.▓
▓.▓.▓.▓.▓.▓
▓.▓.▓.▓.▓.▓
▓.▓.▓'▓.▓.▓
▓.▓.▓.▓.▓.▓
▓.▓.▓.▓.▓.▓


You could see an orc knight, 2 orc priests, an orc wizard and an orc.

Vanquished Creatures
  Erolcha (D)
  A hydra (D)
  2 unseen horrors (D)
  A black mamba (D)
  An elephant (D)
  Psyche (D)
  2 spiny frogs (D)
  2 polar bears (D)
  A blink frog (D)
  2 hippogriffs (D)
  A wraith (D)
  A hungry ghost (D)
  A steam dragon (D)
  2 water moccasins (D)
  An ice beast (D)
  6 black bears (D)
  A wolf (D)
  A centaur (D)
  2 crocodiles (D)
  5 bullfrogs (D)
  2 crimson imps (D)
  2 orc wizards (D)
  2 worker ants (D)
  An adder (D)
  2 adder zombies (D)
  A dart slug (D)
  A leopard gecko (D)
  A giant cockroach (D)
  2 goblins (D)
  A giant cockroach zombie (D)
  A kobold (D)
51 creatures vanquished.

Notes
Turn   | Place    | Note
-------+----------+-------------------------------------------
     0 | D        | Gingerlord the Barachian Fighter began the quest for the Orb.
     0 | D        | Reached XP level 1. HP: 18/18 MP: 1/1
     9 | D        | Reached XP level 2. HP: 24/25 MP: 2/2
    17 | D        | Noticed a centaur
    30 | D        | Killed a centaur
    30 | D        | Reached skill level 5 in Fighting
    30 | D        | Reached skill level 5 in Armour
    30 | D        | Reached skill level 5 in Shields
    30 | D        | Reached XP level 3. HP: 7/34 MP: 3/3
    30 | D        | Reached XP level 4. HP: 9/40 MP: 4/4
    50 | D        | Reached skill level 5 in Long Blades
    50 | D        | Reached XP level 5. HP: 20/46 MP: 5/5
    65 | D        | Found a roughly hewn altar of Beogh.
    65 | D        | Found a snail-covered altar of Cheibriados.
    65 | D        | Found a shadowy altar of Dithmenos.
    65 | D        | Found a white marble altar of Elyvilon.
    65 | D        | Found a blossoming altar of Fedhas.
    65 | D        | Found an opulent altar of Gozag.
   215 | D        | Found a hazy altar of Hepliaklqana.
   216 | D        | Found a viscous altar of Jiyva.
   217 | D        | Found an ancient bone altar of Kikubaaqudgha.
   218 | D        | Found a corrupted altar of Lugonu.
   219 | D        | Found a burning altar of Makhleb.
   220 | D        | Found a sparkling altar of Nemelex Xobeh.
   221 | D        | Found an iron altar of Okawaru.
   222 | D        | Found a stormy altar of Qazlal.
   223 | D        | Found a sacrificial altar of Ru.
   224 | D        | Found a deep blue altar of Sif Muna.
   225 | D        | Found a bloodstained altar of Trog.
   226 | D        | Found a hide-covered altar of Uskayaw.
   227 | D        | Became a worshipper of Makhleb the Destroyer
   228 | D        | Found a radiant altar of Vehumet.
   229 | D        | Found a shimmering altar of Xom.
   230 | D        | Found a basalt altar of Yredelemnul.
   231 | D        | Found a glowing silver altar of Zin.
   232 | D        | Found a glowing golden altar of the Shining One.
   279 | D        | Noticed an ice beast
   285 | D        | Reached skill level 1 in Dodging
   296 | D        | Reached * piety under Makhleb
   298 | D        | Killed an ice beast
   298 | D        | Reached XP level 6. HP: 55/55 MP: 6/6
   304 | D        | Killed an unseen horror
   304 | D        | Reached XP level 7. HP: 64/64 MP: 7/7
   308 | D        | Reached ** piety under Makhleb
   318 | D        | Noticed a wraith
   318 | D        | Noticed a hungry ghost
   324 | D        | Killed an unseen horror
   324 | D        | Reached XP level 8. HP: 53/72 MP: 7/10
   333 | D        | Reached skill level 10 in Fighting
   338 | D        | Killed a wraith
   338 | D        | Reached skill level 10 in Armour
   344 | D        | Reached *** piety under Makhleb
   355 | D        | Reached XP level 9. HP: 72/78 MP: 12/12
   501 | D        | Noticed a spiny frog
   502 | D        | Noticed a five-headed hydra
   514 | D        | Reached skill level 10 in Long Blades
   518 | D        | Reached **** piety under Makhleb
   518 | D        | Reached skill level 5 in Invocations
   520 | D        | Killed a spiny frog
   520 | D        | Reached skill level 10 in Shields
   521 | D        | Killed a five-headed hydra
   521 | D        | Reached ***** piety under Makhleb
   534 | D        | Reached XP level 10. HP: 81/88 MP: 13/15
   617 | D        | Noticed a spiny frog
   617 | D        | Noticed an elephant
   617 | D        | Noticed a black mamba
   625 | D        | Killed a black mamba
   629 | D        | Killed an elephant
   640 | D        | Killed a spiny frog
   640 | D        | Reached ****** piety under Makhleb
   769 | D        | Reached skill level 10 in Dodging
   965 | D        | Noticed Erolcha
   977 | D        | Killed Erolcha
   977 | D        | Reached XP level 11. HP: 89/96 MP: 17/17
   991 | D        | Noticed Psyche
  1005 | D        | Killed Psyche
  1047 | D        | Noticed an orc knight
  1066 | D        | Slain by an orc knight

Vault maps used:
D:        linesprint

Skill      XL: |  1  2  3  4  5  6  7  8  9 10 |
---------------+-------------------------------+-----
Fighting       | 4 5 6 7 9 10 11 12 | 12.7
Long Blades    | 4 5 6 8 9 11 12 | 12.3
Armour         | 5 7 8 9 10 11 12 | 12.5
Shields        | 5 7 8 9 10 11 | 11.9
Dodging        | 3 6 7 8 10 | 10.4
Invocations    | 3 4 6 9 |  9.3

Action                   |  1- 3 |  4- 6 |  7- 9 | 10-12 || total
-------------------------+-------+-------+-------+-------++-------
Melee: Long sword        |    19 |    27 |       |       ||    46
       Scimitar          |       |    25 |    63 |   122 ||   210
Evoke: Wand              |       |       |     6 |     1 ||     7
  Use: Potion            |     1 |     1 |       |     1 ||     3
  Eat: Chunk             |       |       |     1 |     2 ||     3
       Fruit             |       |       |       |     5 ||     5
Armor: Scale mail        |     4 |    28 |    17 |       ||    49
       Ring mail         |       |       |    10 |    25 ||    35
Dodge: Dodged            |     3 |    10 |    25 |    43 ||    81
Block: Shield            |    14 |    28 |    40 |    62 ||   144
       Rpst.: Long sword |     1 |     2 |       |       ||     3
       Scimitar          |       |     1 |     7 |    12 ||    20
